 Dungeon Sprint DCSS version 0.19.1 (webtiles) character file.

52 equalderp2856 the Scratcher (level 3, -1/18 HPs)
             Began as a Felid Fighter on Nov 27, 2016.
             Was an Initiate of Ru.
             Slain by an unseen horror (8 damage)
             ... in the Dungeon (Sprint IX: "|||||||||||||||||||||||||||||").
             The game lasted 00:00:46 (252 turns).

equalderp2856 the Scratcher (Felid Fighter)          Turns: 252, Time: 00:00:46

Health: -1/18      AC:  3    Str: 13    XL:     3   Next: 60%
Magic:  4/4        EV: 23    Int:  9    God:    Ru [......]
Gold:   0          SH:  0    Dex: 15    Spells: 0 memorised, 2 levels left
                                        Lives:  0   Deaths: 0

rFire  . . .     SeeInvis +       - Unarmed
rCold  . . .     Gourm    .     (armour unavailable)
rNeg   . . .     Faith    .     (shield unavailable)
rPois  .         Spirit   .     (helmet unavailable)
rElec  .         Reflect  .     (cloak unavailable)
rCorr  .         Harm     .     (gloves unavailable)
MR     .....     NoTele   +     (boots unavailable)
Stlth  +++.......               (no amulet)
                                n - +2 ring of protection
                                m - +2 ring of evasion

@: quick
A: no armour, no weapons or thrown items, stealth, claws 1, fangs 3, see
invisible, carnivore 3, speed 1, shaggy fur 1, slow metabolism 1, sharp paws
a: Renounce Religion


You were in the Dungeon.
You worshipped Ru.
Ru was noncommittal.
You were not hungry.

You visited 1 branch

Inventory:

Jewellery
 m - a +2 ring of evasion (left paw)
 n - a +2 ring of protection (right paw)
Wands
 l - a wand of acid (7/15)
Scrolls
 h - 2 scrolls of blinking
 j - 3 scrolls of remove curse
 k - 2 scrolls of amnesia
Potions
 a - a potion of might
 c - 5 potions of curing
 d - 3 potions of heal wounds
 e - a potion of haste
 f - 4 potions of magic
 g - a potion of berserk rage
 i - a potion of invisibility
Comestibles
 b - a meat ration


   Skills:
 + Level 4.1 Fighting
 + Level 5.6 Dodging
 + Level 2.7 Stealth
 + Level 6.8 Unarmed Combat


You had 2 spell levels left.
You didn't know any spells.

Dungeon Overview and Level Annotations

Branches:
Dungeon (1/1)

Altars:
Cheibriados
Dithmenos
Elyvilon
Fedhas
Gozag
Hepliaklqana
Kikubaaqudgha
Makhleb
Nemelex Xobeh
Okawaru
Qazlal
Ru
Sif Muna
Trog
Uskayaw
Vehumet
Xom
Yredelemnul
Zin
The Shining One
Beogh
Jiyva
Lugonu


Innate Abilities, Weirdness & Mutations

You cannot wear armour.
You are incapable of wielding weapons or throwing items.
Your paws allow you to move quietly. (Stealth)
You have sharp claws.
You have razor-sharp teeth.
You have supernaturally acute eyesight. (SInv)
You are carnivorous and can eat meat at any time.
You cover ground quickly.
You are covered in fur. (AC +1)
You have a slow metabolism.
Your sharp claws are effective at attacking unaware monsters.


Message History

The unseen horror barely misses you.
The worker ant twitches its antennae in your direction.
The soldier ant twitches its antennae in your direction.
You scratch the unseen horror but do no damage.
The unseen horror is heavily wounded.
The unseen horror closely misses you. x2
The gargoyle hurls a stone arrow at you.
The stone arrow hits the unseen horror.
You scratch the unseen horror.
The unseen horror is severely wounded.
The unseen horror closely misses you.
The unseen horror hits you but does no damage.
The sky beast flickers out of sight for a moment.
You claw the unseen horror! You bite the unseen horror.
The unseen horror is almost dead.
The unseen horror closely misses you. The unseen horror hits you.
You barely miss the unseen horror.
The unseen horror is almost dead.
The unseen horror hits you!
You die...

▓.▓
▓|▓
▓)▓
▓[▓
▓[▓
▓[▓
▓.▓
▓.▓
▓@▓
▓x▓
▓9▓
▓a▓
▓C▓
▓a▓
▓Y▓
▓+▓


You could see a hill giant, an unseen horror (invisible), a soldier ant, a
gargoyle, a sky beast and a worker ant.

Vanquished Creatures
  A howler monkey (D)
  A worm (D)
  2 bat zombies (D)
  A giant cockroach (D)
  A goblin (D)
  A quokka (D)
  A kobold (D)
  2 rats (D)
10 creatures vanquished.

Notes
Turn   | Place    | Note
-------+----------+-------------------------------------------
     0 | D        | equalderp2856 the Felid Fighter began the quest for the Orb.
     0 | D        | Reached XP level 1. HP: 10/10 MP: 2/2
    38 | D        | Noticed a howler monkey
    42 | D        | Reached skill level 5 in Unarmed Combat
    42 | D        | Reached XP level 2. HP: 14/14 MP: 3/3
    43 | D        | Reached skill level 1 in Stealth
    48 | D        | Killed a howler monkey
    48 | D        | Reached skill level 5 in Dodging
    48 | D        | Reached skill level 6 in Unarmed Combat
    48 | D        | Reached XP level 3. HP: 9/18 MP: 4/4
   190 | D        | Found a roughly hewn altar of Beogh.
   190 | D        | Found a snail-covered altar of Cheibriados.
   190 | D        | Found a shadowy altar of Dithmenos.
   190 | D        | Found a white marble altar of Elyvilon.
   190 | D        | Found a blossoming altar of Fedhas.
   190 | D        | Found an opulent altar of Gozag.
   191 | D        | Found a hazy altar of Hepliaklqana.
   192 | D        | Found a viscous altar of Jiyva.
   193 | D        | Found an ancient bone altar of Kikubaaqudgha.
   194 | D        | Found a corrupted altar of Lugonu.
   195 | D        | Found a burning altar of Makhleb.
   196 | D        | Found a sparkling altar of Nemelex Xobeh.
   197 | D        | Found an iron altar of Okawaru.
   198 | D        | Found a stormy altar of Qazlal.
   199 | D        | Found a sacrificial altar of Ru.
   200 | D        | Found a deep blue altar of Sif Muna.
   201 | D        | Found a bloodstained altar of Trog.
   202 | D        | Found a hide-covered altar of Uskayaw.
   203 | D        | Found a radiant altar of Vehumet.
   204 | D        | Found a shimmering altar of Xom.
   205 | D        | Found a basalt altar of Yredelemnul.
   206 | D        | Found a glowing silver altar of Zin.
   207 | D        | Found a glowing golden altar of the Shining One.
   217 | D        | Became a worshipper of Ru the Awakened
   245 | D        | Noticed an unseen horror
   245 | D        | Noticed a gargoyle
   245 | D        | Noticed a soldier ant
   245 | D        | Noticed a hill giant
   245 | D        | Noticed a sky beast
   252 | D        | Slain by an unseen horror

Skill      XL: |  1  2 |
---------------+-------+-----
Unarmed Combat | 5 6 |  6.8
Stealth        | 2 |  2.7
Fighting       | 4 |  4.1
Dodging        | 5 |  5.6

Action                   || total
-------------------------++-------
Melee: Unarmed           ||    29
       Bite              ||     3
       Punch             ||     1
 Stab: Sleeping          ||     4
Armor: Skin              ||     1
Dodge: Dodged            ||    15
